 Dungeon Crawl Stone Soup version 0.24-a0-762-gca426f56c8 (webtiles) character file.

Game seed: 11673054388737553909, levelgen mode: deterministic

284 EtherCrawl the Shield-Bearer (level 6, -5/49 HPs)
             Began as a Formicid Fighter on Oct 3, 2019.
             Slain by a phantom (8 damage)
             ... on level 4 of the Dungeon.
             The game lasted 00:06:31 (3231 turns).

EtherCrawl the Shield-Bearer (Formicid Fighter)     Turns: 3231, Time: 00:06:31

Health: -5/49      AC:  7    Str: 21    XL:     6   Next: 54%
Magic:  6/6        EV:  8    Int:  9    God:
Gold:   272        SH: 13    Dex: 10    Spells: 5/5 levels left

rFire    . . .     SeeInvis +   a - +0 long sword
rCold    . . .     Gourm    .   c - +0 shield
rNeg     . . .     Faith    .   b - +0 scale mail
rPois    .         Spirit   .   (helmet unavailable)
rElec    .         Reflect  +   (no cloak)
rCorr    .         Harm     .   (no gloves)
MR       .....                  (no boots)
Stlth    ..........             n - +4 amulet of reflection
HPRegen  0.16/turn              (no ring)
MPRegen  0.10/turn              (no ring)

@: no status effects
A: permanent stasis, dig shafts and tunnels, four strong arms, antennae 3
a: Dig, Shaft Self


You were on level 4 of the Dungeon.
You were very hungry.

You visited 1 branch of the dungeon, and saw 4 of its levels.
You also visited: Ossuary.

You collected 272 gold pieces.

Inventory:

Hand Weapons
 a - a +0 long sword (weapon)
Missiles
 i - 73 stones
 k - 33 arrows
 m - 3 curare-tipped darts (quivered)
Armour
 b - a +0 scale mail (worn)
 c - a +0 shield (worn)
Jewellery
 e - a cursed ring of teleportation {unknown}
 n - a +4 amulet of reflection (around neck)
Wands
 r - a wand of enslavement (5)
Scrolls
 g - a scroll of fog
 l - a scroll of blinking {unknown}
 p - a scroll of amnesia
Potions
 h - a potion of curing
 q - a potion of resistance {unknown}
Comestibles
 f - 7 rations


   Skills:
 + Level 4.5 Fighting
 * Level 4.2 Long Blades
 + Level 4.4 Armour
 + Level 4.8 Shields


You had 5 spell levels left.
You didn't know any spells.
Your spell library was empty.

Dungeon Overview and Level Annotations

Branches:
Dungeon (4/15)            Ossuary (visited)
 Temple: D:4-7

Altars:
Gozag
Ru


Innate Abilities, Weirdness & Mutations

You cannot be hasted, slowed, berserked, paralysed or teleported.
You can dig through walls and to a lower floor.
Your four strong arms can wield two-handed weapons with a shield.
You have a pair of large antennae on your head. (SInv)


Message History

The phantom blinks!
The sentinel's mark upon you fades away.
You block the phantom's attack.
There is a collapsed entrance, spattered with blood here.
The phantom blinks!
There is an empty arch of ancient stone here.
You hit the phantom but do no damage.
The phantom is moderately damaged.
You block the phantom's attack.
You slash the phantom!
The phantom is heavily damaged.
The phantom closely misses you.
You riposte.
You miss the phantom.
The phantom is heavily damaged.
You closely miss the phantom.
The phantom is heavily damaged.
The phantom completely misses you.
You closely miss the phantom.
The phantom is heavily damaged.
The phantom hits you!
You die...

#...# ##...,,#.
#...# #..##*#.
#...# #...,,#.
#...# #...*,##
#..!# ####..*,,,,
#...# ##8##,,*,,**
#...# #...#,,,,,,*
#...###...#*,*,,,*
#@W.∩.....#*,*,,,*
#...###...#*,*,,,*
#...# #...#*,,,,,*
#...# ##8##***,,,*
#...# ### *,*,*
#...# *,*,* #...#
*,*,* #...# *,*,*
*,,,* *,*,*


You could see a phantom.

Vanquished Creatures
  A howler monkey (D:2)
  A worker ant (D:3)
  A hound skeleton (D:4)
  A mummy (D:4)
  Robin (D:2)
  10 adders
  4 worms
  A dart slug (D:3)
  2 leopard geckos
  An orc (D:4)
  5 ball pythons
  6 bats
  7 giant cockroaches
  17 goblins
  10 hobgoblins
  4 frilled lizards
  2 kobolds
  7 rats
81 creatures vanquished.

Notes
Turn   | Place    | Note
-------+----------+-------------------------------------------
     0 | D:1      | EtherCrawl the Formicid Fighter began the quest for the
                  | Orb.
     0 | D:1      | Reached XP level 1. HP: 18/18 MP: 1/1
    60 | D:1      | Reached XP level 2. HP: 21/24 MP: 2/2
   304 | D:1      | Reached XP level 3. HP: 29/29 MP: 3/3
  1041 | D:2      | Reached XP level 4. HP: 30/37 MP: 4/4
  1078 | D:2      | Found a sacrificial altar of Ru.
  1175 | D:2      | Reached XP level 5. HP: 38/42 MP: 5/5
  1243 | D:2      | Found an opulent altar of Gozag.
  1311 | D:2      | Noticed Robin
  1325 | D:2      | Killed Robin
  2253 | D:3      | Reached XP level 6. HP: 45/48 MP: 6/6
  3014 | D:4      | Noticed a phantom
  3075 | D:4      | Found a sand-covered staircase.
  3087 | Ossuary  | Entered an ossuary
  3218 | D:4      | HP: 1/49 [phantom (5)]
  3231 | D:4      | Slain by a phantom

Levels and vault maps discovered:
D:1:      saegor_arrival_miasma, layout_loops_cross
D:2:      layout_basic, lemuel_round_altar, nicolae_gozag_seed_capital,
          uniq_robin
D:3:      layout_loops_ring, minmay_starry_boxes
D:4:      minmay_chambers_of_fours, layout_basic, first_ration, serial_shops,
          shop, chequers_ossuary_entry_cave, nicolae_ru_sacrificial_ziggurat

Skill      XL: |  1  2  3  4  5  6 |
---------------+-------------------+-----
Shields        | 4 |  4.8
Long Blades    | 3 4 |  4.2
Fighting       | 4 |  4.5
Armour         | 4 |  4.4

Action                   |  1- 3 |  4- 6 || total
-------------------------+-------+-------++-------
Melee: Long sword        |    92 |   278 ||   370
  Use: Potion            |     1 |     2 ||     3
       Scroll            |       |     5 ||     5
  Eat: Chunk             |     1 |     6 ||     7
Armor: Scale mail        |    26 |    96 ||   122
Dodge: Dodged            |    30 |    84 ||   114
Block: Shield            |    56 |   177 ||   233
       Rpst.: Long sword |    13 |    36 ||    49

Table legend:
 A = Non-vault XP
 B = Vault XP
 C = Vault XP percentage of total XP
 D = Non-vault monster count
 E = Vault monster count
 F = Vault count percentage of total count
                 A         B        C        D         E       F
            +---------+---------+-------+---------+---------+-------
      Total |     347 |      59 |  14.5 |      66 |      15 |  18.5
            +---------+---------+-------+---------+---------+-------
        D:1 |      38 |       0 |   0.0 |      23 |       0 |   0.0
        D:2 |     122 |      35 |  22.3 |      18 |      11 |  37.9
        D:3 |     129 |       6 |   4.4 |      19 |       3 |  13.6
        D:4 |      58 |      18 |  23.7 |       6 |       1 |  14.3
            +---------+---------+-------+---------+---------+-------
